[Event "*** Titled Tuesday Blitz"]
[Site "Chess.com"]
[Date "2021.04.06"]
[Round "4"]
[White "Aygehovit1992"]
[Black "BigAl"]
[Result "1-0"]
[WhiteElo "2654"]
[BlackElo "2489"]
[TimeControl "180+1"]
[EndTime "10:41:47 PDT"]
[Termination "Aygehovit1992 won by resignation"]

1. e4 c6 2. Nc3 d5 3. Qf3 dxe4 4.
Nxe4 Nd7 5. d4 Ngf6 6. Nxf6+ Nxf6 7. c3 g6 8. Bc4 Bg7 9. Ne2 O-O 10. O-O a5 11. Bg5 a4 12. Rad1 Qa5 13.
Bh4 Bf5 14. h3 Be4 15. Qe3 Bd5 16. Bxf6 Bxf6 17. Bxd5 Qxd5 18. a3 Qb3 19. Qd2 Rad8 20. Nc1 Qc4 21. Nd3 Bg7 22. Rfe1 e6 23. h4 Rd5 24. Nf4 Bh6 25. g3 Rf5 26. Re4 Qb3 27. Rde1 Bxf4 28. Rxf4 Rxf4 29. gxf4 Qd5 30. Re5 Qf3 31.
Qe3 Qd1+ 32. Kh2 Rd8 33. h5 Rd5 34. h6 Qg4 35. Qg3 Qxg3+ 36. Kxg3 f6 37. Rxe6 Kf7 38. Re4 Rb5 39. Re2 Rh5 40. Rd2 Ke6 41. c4 Rxh6 42. d5+ cxd5 43. Rxd5 Rh5 44. Rd8 Rc5 45. Rb8 Rxc4 46.
Rxb7 h5 47. Rb6+ Kf5 48. Rb5+ Ke6 49. f3 Rc1 50. Rb4 Rc2 51. Rxa4 Rxb2 52. Ra6+ Kf5 53. Ra5+ Ke6 54. a4 Ra2 55. f5+ gxf5 56. Kf4 Ra3 57. Ra6+ Kf7 58. a5 Kg6 59. Ra8 Ra4+ 60. Kg3 f4+ 61.
Kh4 Ra1 62. Kh3 Kf5 63. a6 Ra3 64. a7 Rxf3+ 65. Kg2 Rg3+ 66. Kf2 Ra3 67. Kg2 h4 68. Kh2 Rb3 69. Rb8 Ra3 70. a8=Q Rf3 71. Qxf3 Kg5 72.
Kh3 f5 73. Qh5+ Kxh5 74. Rh8+ Kg5 75. Rxh4 f3 76. Rh8 Kf4 77. Kh2 Ke3 78. Kg1 Kf4 79. Kf1 Kg4 80. Rg8+ Kf4 81. Kf2 1-0

[Event "*** Titled Tuesday Blitz"]
[Site "Chess.com"]
[Date "2021.04.06"]
[Round "4"]
[White "rachidhuilda"]
[Black "Galileo22"]
[Result "1-0"]
[WhiteElo "2267"]
[BlackElo "2432"]
[TimeControl "180+1"]
[EndTime "10:41:51 PDT"]
[Termination "rachidhuilda won by checkmate"]

1. d4 Nf6 2. Bg5 Ne4 3. Bf4 d5 4. e3 c5 5. Bd3 Qb6 6. Bxe4 dxe4 7. Nc3 cxd4 8. Qxd4 Qxd4 9. exd4 Bf5 10. Nge2 Nc6 11.
O-O-O Bg4 12. d5 Nd8 13. Rhe1 f5 14. h3 Bxe2 15. Rxe2 Rc8 16. f3 exf3 17. gxf3 Rc4 18. Be5 Kd7 19. f4 a6 20. b3 Rb4 21. Kb2 Rb6 22. Na4 Rg6 23. c4 h5 24. Nc5+ Kc8 25. Nd3 Rhh6 26. Re3 h4 27. Rde1 Rg3 28. Kc3 Rxe3 29.
Rxe3 Rg6 30. Kd2 Rg3 31. Rxg3 hxg3 32. Ke2 Kd7 33. Kf3 e6 34. Kxg3 exd5 35. cxd5 Nf7 36. Kf3 g6 37. Ke3 Be7 38. Kd4 Bd8 39. Nc5+ Kc8 40. b4 Bb6 41. Kc4 Bxc5 42. bxc5 Kd7 43. a4 Kc8 44. a5 Kd7 45. Kd4 Nd8 46. Bf6 Nf7 47. Be5 Nh6 48. Ke3 Nf7 49. Kf3 Nh6 50. Kg3 Nf7 51. Kh4 Kc8 52. Kg3 Kd7 53. Kf3 Kc8 54. c6 Nd8 55. cxb7+ Kxb7 56. Kg3 Kc8 57. Kh4 Nf7 58. Kg3 Kd7 59. Kf3 Nd8 60. Ke3 Nb7 61.
Bc3 Kd6 62. Kd4 Kd7 63. Bb4 Nd8 64. Ke5 Nf7+ 65. Kf6 Nd8 66. Kxg6 Ke8 67. Kxf5 Kd7 68. Kg6 Ke8 69. h4 Nf7 70. h5 Nh8+ 71. Kg7 Nf7 72.
h6 Nh8 73. h7 Kd7 74. Kxh8 Kc7 75. Kg7 Kd7 76. h8=Q Kc7 77. Qf8 Kd7 78. Qf6 Kc7 79. Qb6+ Kc8 80. Qxa6+ Kd7 81. Qb6 Ke8 82. Kf6 Kd7 83. Ke5 Kc8 84. Kd4 Kd7 85. Qc6+ Kd8 86. Qb7 Ke8 87. Qe7# 1-0

[Event "*** Titled Tuesday Blitz"]
[Site "Chess.com"]
[Date "2021.04.06"]
[Round "4"]
[White "goofypenguin96"]
[Black "Chamal_Gedgafov"]
[Result "1/2-1/2"]
[WhiteElo "2371"]
[BlackElo "2207"]
[TimeControl "180+1"]
[EndTime "10:41:54 PDT"]
[Termination "Game drawn by repetition"]

1. e4 e6 2. d4 d5 3. Nd2 a6 4. Ngf3 c5 5. exd5 exd5 6. Bd3 c4 7. Be2 Nf6 8. a4 Nc6 9. b3 cxb3 10. Nxb3 Bd6 11. O-O O-O 12. Bg5 h6 13. Bh4 Bf5 14. Bd3 Bxd3 15. Qxd3 Re8 16. c3 g5 17. Bg3 Ne4 18. Rfe1 f5 19. Bxd6 Qxd6 20. c4 dxc4 21. Qxc4+ Kg7 22. Nc5 Nxc5 23. dxc5 Qf6 24. Rab1 Re7 25.
Rxe7+ Qxe7 26. Qd5 Rf8 27. h3 Rf7 28. Nd4 Nxd4 29. Qxd4+ Qf6 30. Qd5 Qe7 31. h4 gxh4 32.
Qd4+ Qf6 33. Qf4 Qg5 34. Qb8 Qe7 35. Qf4 Qe4 36. Qxe4 fxe4 37. Rb6 Rc7 38. Kh2 Rf7 39. Kg1 Rc7 40. Kf1 Rxc5 41. Rxb7+ Kg6 42. Rb6+ Kg5 43. Rxa6 Rc2 44. Ra8 Ra2 45. a5 Kf4 46. a6 e3 47.
Rf8+ Ke4 48. Re8+ Kf4 49. Rxe3 Rxa6 50. Kg1 Ra2 51. Rf3+ Kg4 52. Kh2 Rb2 53. Rf8 Ra2 54. Rf6 Kg5 55. Rf8 Ra3 56. f3 Ra1 57. Rc8 Rb1 58. Rc4 Ra1 59. Rg4+ Kh5 60. Rb4 Rc1 61. Rb5+ Kg6 62. Kh3 Rh1+ 63. Kg4 h5+ 64. Kf4 h3 65. Rb6+ Kh7 66. g3 h2 67. Rb2 Kg6 68. Rg2 Kf6 69. Re2 Kg6 70. Rf2 Kf6 71. Rd2 Kg6 72. Rc2 Kf6 73. Rc6+ Kf7 74. Rc2 Kf6 75. Ra2 Kg6 76. Rg2 Kf6 77. Rf2 Kg6 78. Re2 Kf6 79. Rc2 Kg6 80.
Rc6+ Kf7 81. Rc7+ Kf6 82. Rc2 Kg6 83. Rc6+ Kf7 1/2-1/2

[Event "*** Titled Tuesday Blitz"]
[Site "Chess.com"]
[Date "2021.04.06"]
[Round "4"]
[White "tandaleo"]
[Black "prachiti01"]
[Result "1-0"]
[WhiteElo "2403"]
[BlackElo "2139"]
[TimeControl "180+1"]
[EndTime "10:41:58 PDT"]
[Termination "tandaleo won on time"]

1. Nf3 d5 2. g3 Nf6 3. Bg2 Bf5 4. O-O e6 5. c4 h6 6. cxd5 exd5 7. Qb3 b6 8. Nc3 c6 9. d3 Be7 10. Re1 O-O 11.
e4 dxe4 12. dxe4 Be6 13. Qc2 Na6 14. Rd1 Qc8 15. Nd4 Nb4 16. Qe2 Rd8 17. a3 Na6 18. Nxe6 Rxd1+ 19. Nxd1 fxe6 20. b4 c5 21. b5 Nc7 22. Bb2 Qd7 23. a4 Rd8 24. Ne3 Qd2 25. Qxd2 Rxd2 26. Be5 Bd6 27. Bxd6 Rxd6 28. e5 Rd4 29.
exf6 gxf6 30. Bc6 Kf7 31. a5 Kg6 32. axb6 axb6 33. Ra7 Nd5 34. Nxd5 exd5 35. Rd7 Rd1+ 36. Kg2 d4 37. Be4+ f5 38. Rd6+ Kg7 39. Bxf5 c4 40. Kf3 c3 41. Ke4 c2 42. Rc6 c1=Q 43.
Rxc1 Rxc1 44. Kxd4 Kf6 45. Be4 Rc5 46. Bc6 Kf5 47. Ke3 Rc3+ 48. Ke2 Ke5 49. h4 Rc2+ 50. Ke3 Rc3+ 51. Ke2 Kd4 52. g4 Rh3 53. h5 Ra3 54. f3 Ke5 55. Kf2 Kf4 56. Kg2 Ra2+ 57. Kf1 Rh2 58.
Ke1 Ra2 59. Kd1 Ke3 60. Kc1 Rh2 61. Be4 Kf4 62. Kd1 Ra2 63. Bc6 Rb2 64. Kc1 Rh2 65. Be4 Ke3 66. Bc6 Kd3 67. Be4+ Kc3 68. Kd1 Rh1+ 69.
Ke2 Kd4 70. Bc6 Rh2+ 71. Kf1 Ke3 72. Kg1 1-0

[Event "*** Titled Tuesday Blitz"]
[Site "Chess.com"]
[Date "2021.04.06"]
[Round "4"]
[White "shimastream"]
[Black "FMOlexandrProhorov"]
[Result "1-0"]
[WhiteElo "2954"]
[BlackElo "2200"]
[TimeControl "180+1"]
[EndTime "10:42:06 PDT"]
[Termination "shimastream won by checkmate"]

1. c4 g6 2. Nc3 Bg7 3. Nf3 c5 4. g3 Nc6 5. Bg2 Nf6 6. d4 cxd4 7. Nxd4 O-O 8. O-O Nxd4 9. Qxd4 d6 10. Qd3 Qc7 11. Bg5 Be6 12. b3 Rac8 13. Rac1 Rfe8 14.
Be3 Ng4 15. Bd4 b6 16. Nb5 Qd7 17. Rfd1 Ne5 18. Qd2 Nc6 19. Be3 h5 20. Nc3 Kh7 21. Nd5 Bh3 22. f3 Bxg2 23. Kxg2 Red8 24. Bg5 Re8 25.
e4 Nd4 26. Be3 Ne6 27. b4 Nc7 28. Nf4 Be5 29. Ne2 Qa4 30. Bd4 Bxd4 31. Nxd4 Ne6 32.
Ne2 a5 33. bxa5 bxa5 34. Nc3 Qb4 35. Nd5 Qxd2+ 36. Rxd2 Nc5 37. Rb1 Rb8 38. Rb5 a4 39.
Rdb2 Rxb5 40. cxb5 Kg7 41. b6 e6 42. Ne3 Rb8 43. Kf1 Kf6 44. Ke2 Ke7 45. Nc4 Kd7 46. Rb4 Kc6 47. Na5+ Kd7 48. a3 d5 49. exd5 exd5 50.
Ke3 Kd6 51. Kd4 f5 52. Rb5 Ne6+ 53. Kc3 Nc5 54. Kb4 Ne6 55. Kxa4 d4 56. Rb1 f4 57.
Kb5 Kd5 58. Nc6 Nc7+ 59. Ka5 Kxc6 60. bxc7 Ra8+ 61. Kb4 Kxc7 62. Rd1 fxg3 63. hxg3 Kd6 64. Rxd4+ Ke5 65. Rd3 Kf5 66. Rd5+ Kf6 67. f4 Re8 68.
a4 Re3 69. Rg5 h4 70. gxh4 Rf3 71. Kb5 Rxf4 72. a5 Rxh4 73. Rc5 Rh1 74. a6 Ra1 75. Kb6 g5 76. a7 Rb1+ 77. Rb5 Ra1 78. Ra5 Rxa5 79. Kxa5 Kf5 80. a8=Q Kf4 81. Qg2 g4 82. Kb4 g3 83. Kc3 Kg4 84. Kd3 Kf4 85. Ke2 Kg4 86. Ke3 Kh4 87. Kf4 Kh5 88. Qxg3 Kh6 89. Qg4 Kh7 90. Qg5 Kh8 91. Kf5 Kh7 92. Kf6 Kh8 93. Qg7# 1-0

[Event "*** Titled Tuesday Blitz"]
[Site "Chess.com"]
[Date "2021.04.06"]
[Round "4"]
[White "Guzman70"]
[Black "KNCP_719"]
[Result "1/2-1/2"]
[WhiteElo "2349"]
[BlackElo "2584"]
[TimeControl "180+1"]
[EndTime "10:42:07 PDT"]
[Termination "Game drawn by repetition"]

1. d4 d5 2. Bf4 c5 3. e3 cxd4 4. exd4 Nc6 5. c3 Bf5 6. Nf3 e6 7. Bb5 Bd6 8. Ne5 Bxe5 9. Bxe5 f6 10. Bg3 Ne7 11. O-O O-O 12. Re1 Qb6 13. Bxc6 Nxc6 14.
b3 Rfe8 15. Nd2 Rad8 16. Qf3 Bg6 17. h4 h6 18. Qg4 Bf7 19. Bf4 Kh8 20. Nf3 Ne7 21.
h5 Nf5 22. Qh3 Nd6 23. Re3 Ne4 24. c4 Qc6 25. c5 a5 26. a3 b6 27. b4 axb4 28.
axb4 Ra8 29. Rb1 Ra2 30. Bg3 b5 31. Nh4 Bxh5 32. Rbe1 Bf7 33. f3 Ng5 34. Qg4 Kg8 35. Bf4 Qa6 36. Kh2 Qa4 37. Bd6 Qxb4 38. f4 Ne4 39.
Rxe4 dxe4 40. Rxe4 Qd2 41. c6 f5 42. Nxf5 exf5 43.
Rxe8+ Bxe8 44. Qg3 Qxd4 45. Be5 Qa7 46. c7 g6 47. c8=Q Qf7 48. Qc7 Ra6 49. Qxf7+ Bxf7 50. Qc3 Ra8 51. Qc7 Re8 52. Qc6 Re6 53. Qc8+ Re8 54.
Qb7 g5 55. Qxb5 gxf4 56. Bxf4 Re6 57. Qb8+ Kg7 58. Qb2+ Kh7 59. Qd2 Rg6 60. g3 Re6 61. Qd4 Re4 62. Qd8 Re2+ 63. Kh3 Re6 64. Kh4 Rg6 65. Kh3 Re6 66. Qf8 Bg8 67. Kh2 Rg6 68. Qd6 Rxd6 69. Bxd6 Kg6 70. Bf4 Kh5 71. Kh3 Bf7 72.
Kh2 Bd5 73. Kh3 Bc4 74. Kh2 Bf1 75. Kg1 Bh3 76. Kf2 Bg4 77. Be5 Kg6 78. Bf4 h5 79.
Be5 Kf7 80. Bf4 Ke6 81. Kg2 Kd5 82. Kh2 Ke4 83. Bc7 Kf3 84. Bb8 Kf2 85. Bf4 Kf3 86. Kh1 h4 87. Kh2 Bh5 88. Bd6 Kg4 89. Bf4 h3 90.
Bd6 Kf3 91. Bf4 Bg4 92. Be5 Ke2 93. Bf4 Kd3 94. Be5 Kc4 95. Bf4 Kc5 96. Bb8 Kc6 97. Bf4 Kd5 98. Bg5 Ke4 99. Bf4 Kf3 100. Bc7 Kf2 101. Bf4 Kf3 1/2-1/2

[Event "*** Titled Tuesday Blitz"]
[Site "Chess.com"]
[Date "2021.04.06"]
[Round "4"]
[White "Yurovskykh_Oleksandr"]
[Black "CakeinSpace2002"]
[Result "1-0"]
[WhiteElo "2519"]
[BlackElo "2313"]
[TimeControl "180+1"]
[EndTime "10:42:15 PDT"]
[Termination "Yurovskykh_Oleksandr won by resignation"]

1. d4 c5 2. c3 Nf6 3. Nf3 cxd4 4. cxd4 d5 5. Nc3 Nc6 6. Bf4 a6 7. Rc1 e6 8. e3 Be7 9. Bd3 O-O 10. O-O Bd7 11. Qe2 Rc8 12. Ne5 Na5 13. Bg5 Nc4 14. Nxc4 dxc4 15. Bxc4 Qb6 16. Bd3 Rc7 17. Bxf6 Bxf6 18.
Ne4 Be7 19. Rxc7 Qxc7 20. Nc3 Bd6 21. g3 Rc8 22. Rc1 Qa5 23. Qc2 h6 24. Qb1 Bb4 25. Ne2 Rxc1+ 26. Nxc1 Bc6 27. Be4 Bxe4 28. Qxe4 Bd2 29.
Nb3 Qb4 30. Nxd2 Qxd2 31. Qxb7 a5 32. Kg2 g6 33. a4 h5 34. h4 Kg7 35. b3 Qc3 36.
Qb5 Qd2 37. Qe5+ Kg8 38. Qc5 Qd3 39. Qc8+ Kg7 40. Qa8 Qxb3 41. Qxa5 Qc2 42. Qa8 g5 43. hxg5 h4 44. Qf3 hxg3 45. Kxg3 Qxa4 46. Qf6+ Kg8 47. g6 fxg6 48. Qxg6+ Kh8 49. Qh6+ Kg8 50. Qxe6+ Kf8 51. Qf5+ Kg8 52. Qg5+ Kf8 53. Qc5+ Kg8 54. d5 Qd1 55. Qc8+ Kg7 56. Qd7+ Kg6 57. Qe6+ Kh7 58. d6 Qg1+ 59.
Kf3 Qd1+ 60. Kf4 Qg1 61. Qf7+ Kh8 62. Qf6+ Kh7 63. Qe7+ Kh8 64. d7 Qxf2+ 65. Ke4 Qc2+ 66. Ke5 Qc3+ 67. Kf5 Qc2+ 68. e4 Qf2+ 69. Ke5 Qg3+ 70.
Kd5 Qd3+ 71. Kc6 Qa6+ 72. Kc7 Qa7+ 73. Kd6 Qd4+ 74. Kc6 Qa4+ 75. Kd5 Qb3+ 76. Ke5 Qc3+ 77. Kd5 Qd3+ 78. Kc6 Qa6+ 79. Kc7 Qa7+ 80. Kd6 Qd4+ 81. Ke6 Qxe4+ 82. Kf7 Qc4+ 83. Ke8 Qc6 84. Kf7 Qf3+ 85.
Qf6+ 1-0

[Event "*** Titled Tuesday Blitz"]
[Site "Chess.com"]
[Date "2021.04.06"]
[Round "4"]
[White "woodhy"]
[Black "tvjosue"]
[Result "1/2-1/2"]
[WhiteElo "2433"]
[BlackElo "2570"]
[TimeControl "180+1"]
[EndTime "10:42:17 PDT"]
[Termination "Game drawn by repetition"]

1. e4 g6 2. d4 Bg7 3. Nf3 c6 4. c3 d5 5. Bd3 Bg4 6. Nbd2 e6 7.
h3 Bxf3 8. Nxf3 Ne7 9. O-O Nd7 10.
Qe2 O-O 11. Re1 a6 12. Bg5 h6 13. Bf4 Rc8 14. Bd6 Re8 15. e5 c5 16. g4 Rc6 17.
Bxe7 Qxe7 18. h4 Rec8 19. h5 g5 20. Rad1 b5 21. Bb1 b4 22. Qd3 a5 23. Kg2 Nf8 24.
Ng1 a4 25. a3 bxa3 26. bxa3 cxd4 27. cxd4 Rc3 28. Qb5 Qxa3 29. Ne2 Rh3 30. Bd3 Rh4 31. Kg3 Rc2 32. Ng1 Rb2 33. Qa6 Qa2 34. Ra1 Qb3 35. Nf3 Qb4 36. Qxa4 Qc3 37. Ra3 Qb4 38. Qxb4 Rxb4 39.
Rd1 f6 40. Nxh4 gxh4+ 41. Kxh4 fxe5 42. dxe5 Bxe5 43. Re1 Bd6 44. Ra6 Bc5 45. Re2 Rb3 46. Rd2 e5 47. Ra5 Bb4 48. Rb5 e4 49. Rxb4 Rxb4 50.
Be2 d4 51. f3 e3 52. Rc2 Ne6 53. Kg3 Kg7 54. f4 Kf6 55. Kf3 d3 56. Bxd3 Nd4+ 57.
Kxe3 Nxc2+ 58. Bxc2 Rb2 59. Be4 Rb3+ 60. Bd3 Ra3 61.
Ke4 Ra4+ 62. Ke3 Rb4 63. Be4 Ra4 64. Bf3 Ra3+ 65. Kf2 Rb3 66. Kg3 Rc3 67. Kf2 Rc2+ 68. Kg3 Rc3 69. Kf2 Ke6 70. Kg3 Ra3 71. g5 Kf5 72. gxh6 Ra7 73. Be2 Ra3+ 74. Bf3 Ra6 75. h7 Rh6 76. Bd1 Kf6 77. Bc2 Rxh5 78. Kg4 Rh2 79.
Be4 Rh6 80. Bd3 Kg7 81. Kg5 Rd6 82. Be4 Rd4 83. Kf5 Ra4 84. Ke5 Ra5+ 85. Ke6 Ra4 86. Ke5 Ra6 87. Bd3 Ra5+ 88. Ke6 Ra3 89. Be4 Re3 90.
Ke5 Ra3 91. Kd4 Ra4+ 92. Ke5 1/2-1/2

[Event "*** Titled Tuesday Blitz"]
[Site "Chess.com"]
[Date "2021.04.06"]
[Round "4"]
[White "vrekhson"]
[Black "powermove"]
[Result "1/2-1/2"]
[WhiteElo "2197"]
[BlackElo "1653"]
[TimeControl "180+1"]
[EndTime "10:42:27 PDT"]
[Termination "Game drawn by agreement"]

1. e4 e5 2. Nf3 Nc6 3. Bb5 a6 4. Ba4 Nf6 5. O-O Be7 6. Re1 b5 7. Bb3 O-O 8. h3 d6 9. c3 Bb7 10. d4 h6 11. Nbd2 Re8 12. Nf1 Bf8 13. Ng3 g6 14. Bc2 Bg7 15. d5 Nb8 16. a4 c6 17.
dxc6 Bxc6 18. axb5 axb5 19. Rxa8 Bxa8 20. Qe2 Bc6 21.
Rd1 Qc7 22. Bd3 Qb7 23. Nd2 Nbd7 24. Nb3 Ra8 25. Bc2 Bf8 26. f4 exf4 27. Bxf4 Ne5 28. Nd2 Ra2 29. Rb1 Qa8 30. Bb3 Ra1 31. Kh2 Rxb1 32. Nxb1 Qa1 33. Na3 h5 34. Nxb5 h4 35.
Bxe5 dxe5 36. Nf1 Nxe4 37. Ne3 Ng3 38. Qd1 Qxd1 39. Nxd1 Bc5 40. Nc7 e4 41. Nd5 Bd6 42.
Kg1 Bc5+ 43. N5e3 Nf5 44. Kf2 Kg7 45. Ke2 Nxe3 46. Nxe3 f5 47. Bc2 f4 48. Nc4 f3+ 49.
gxf3 exf3+ 50. Kf1 Bb5 51. b3 Bxc4+ 52. bxc4 Kf6 53.
Be4 f2 54. Bd3 g5 55. Be2 Ke5 56. Bg4 Kf4 57. Kg2 Ke3 58. Be6 Kd2 59. Bd5 Kxc3 60. Kf1 Kd2 61. Bf3 Ke3 62. Bd5 Kf4 63. Bg2 g4 64. hxg4 Kxg4 65. Bh1 Kg3 66. Bd5 h3 67.
Bh1 Kh2 68. Bd5 Bd4 69. Be4 Kg3 70. Bh1 Kh2 71. Bd5 Kg3 72. Bc6 Kf4 73. Bd5 Ke5 74.
Bh1 Kd6 75. Ke2 Kc5 76. Bd5 h2 77. Kf1 h1=Q+ 78. Bxh1 Kxc4 79. Be4 Kc3 80. Bf5 Kd2 81.
Bg6 Ke3 82. Bf5 Kf4 83. Bg6 Kg3 84. Bf7 Kf4 85. Be8 Kg5 86. Bd7 Kf4 87. Bh3 Kg5 88.
Bd7 Kf4 89. Bc8 Ke3 90. Bb7 Kd2 91. Ba8 Be3 92. Bb7 Bf4 93. Ba8 Be5 94. Bb7 Bd6 95. Ba8 Bc7 96. Bb7 Bb6 97. Ba8 Ke3 98. Bb7 Kf4 99. Ba8 1/2-1/2

[Event "*** Titled Tuesday Blitz"]
[Site "Chess.com"]
[Date "2021.04.06"]
[Round "4"]
[White "WPWPWP-2015"]
[Black "Andrakhanova"]
[Result "1-0"]
[WhiteElo "2442"]
[BlackElo "2239"]
[TimeControl "180+1"]
[EndTime "10:42:38 PDT"]
[Termination "WPWPWP-2015 won on time"]

1. d4 d5 2. Nf3 c6 3. c4 e6 4. Nc3 dxc4 5. a4 Bb4 6. e4 b5 7.
Be2 Bb7 8. O-O a6 9. Bg5 Ne7 10. Qc2 f6 11. Be3 O-O 12. Rfd1 Nd7 13. b3 cxb3 14.
Qxb3 Bxc3 15. Qxc3 Re8 16. Qb3 Ng6 17. Rac1 Qe7 18.
Bd2 Kh8 19. Bb4 Qf7 20. Ne1 a5 21. Bd6 b4 22. Nd3 Rac8 23. Bh5 Ba6 24. Nc5 Nxc5 25.
Rxc5 Qd7 26. e5 f5 27. Rxa5 Ra8 28. Qxb4 Rec8 29. Bxg6 hxg6 30. Rc5 Qa7 31. a5 Bb5 32. Ra1 Qa6 33. Qb3 Re8 34. Rc3 Kg8 35. Rg3 Kf7 36.
Qe3 Rh8 37. Qg5 Rh6 38. Qe7+ Kg8 39. Qxe6+ Kh7 40. h4 Bc4 41. Qe7 Bd5 42. Qg5 Qe2 43. h5 Qxh5 44. Qxh5 Rxh5 45. a6 f4 46. Rga3 Rg5 47.
g3 fxg3 48. Rxg3 Rf5 49. Rh3+ Kg8 50. a7 Rg5+ 51. Rg3 Rh5 52. Kf1 Rh1+ 53. Rg1 Bc4+ 54. Kg2 Rh4 55. f3 Rxd4 56. Kg3 Rd3 57. Rgb1 Bb5 58.
Rb4 Kf7 59. Ra5 Rd5 60. Bb8 Ke6 61. Rf4 Rxe5 62. Bxe5 Kxe5 63. Re4+ Kd5 64. Ra3 Kc5 65. Rg4 Kb6 66. Rg5 Rxa7 67. Rxa7 Kxa7 68. Rxg6 Kb6 69. Rxg7 Bd3 70. Kf4 c5 71. Ke3 c4 72. Kd2 Kc5 73.
Kc3 Kd6 74. Rg5 Ke6 75. f4 Kf6 76. Re5 Kg6 77. Kd4 Kf6 78. Rc5 Ke6 79. Ke3 Kf6 80. Kd4 Ke6 81. Rc8 Kf5 82. Rf8+ Ke6 83. Ke3 Kd6 84.
Rd8+ Ke6 85. Rd4 Kf6 86. Rd5 Ke6 87. Rc5 Kf6 88. Kf3 Ke6 89. Kg4 Be2+ 90. Kg5 Bd3 91. f5+ Kd6 92. Rc8 Ke7 93. f6+ Kf7 94. Rc7+ Kf8 95.
Kf4 Ke8 96. Ke5 Kf8 97. Ke6 1-0

[Event "*** Titled Tuesday Blitz"]
[Site "Chess.com"]
[Date "2021.04.06"]
[Round "4"]
[White "NikolaGry"]
[Black "Sergey85Rodchenkov"]
[Result "1/2-1/2"]
[WhiteElo "2706"]
[BlackElo "2526"]
[TimeControl "180+1"]
[EndTime "10:42:54 PDT"]
[Termination "Game drawn by 50-move rule"]

1. e4 c5 2. Be2 e6 3. f4 d5 4. d3 Nc6 5. Nf3 dxe4 6. dxe4 Qxd1+ 7. Bxd1 Nf6 8. Nc3 Be7 9. e5 Nd5 10. Ne4 O-O 11. c3 b6 12. Bc2 Bb7 13. Bd2 Rad8 14. Rd1 h6 15. Bc1 f6 16. exf6 Nxf6 17. Rxd8 Rxd8 18. O-O Na5 19. Re1 Bd5 20. b3 c4 21.
Nfd2 Nxe4 22. Bxe4 Bf6 23. Bb2 b5 24. Bxd5 exd5 25. Re6 b4 26. Rxf6 gxf6 27. cxb4 Nc6 28. a3 cxb3 29. Nxb3 Kf7 30. Kf2 Re8 31. b5 Ne7 32. Bd4 Rb8 33. a4 a6 34. b6 Nc6 35.
a5 Ke6 36. Nc5+ Kd6 37. Nxa6 Ra8 38. Bc5+ Kd7 39. Nb4 Rxa5 40. b7 Rb5 41. Nxc6 Kxc6 42.
Bd4 f5 43. h3 Rxb7 44. g4 fxg4 45. hxg4 Kd7 46. f5 Ke7 47. Ke3 Kf7 48. Kf4 Rb4 49.
Ke5 Rb5 50. Be3 Rb4 51. Bxh6 Rxg4 52. Kxd5 Kf6 53. Be3 Kxf5 54. Bd4 Re4 55. Bc5 Re8 56. Kc6 Rd8 57. Bb6 Rd1 58. Bc7 Ke6 59. Bb6 Rd2 60. Bc5 Rc2 61. Kb6 Kd5 62. Be3 Rc3 63. Bf2 Rc4 64. Be3 Rb4+ 65. Kc7 Re4 66. Bf2 Rf4 67.
Be3 Rf6 68. Bg1 Rf7+ 69. Kb6 Rh7 70. Bf2 Kd6 71. Bg3+ Kd5 72. Bf2 Re7 73. Bg1 Re6+ 74. Kb5 Rc6 75. Bf2 Rc2 76. Bg1 Rb2+ 77. Ka6 Kc6 78. Ka7 Rb5 79. Ka8 Rb7 80. Ba7 Rb5 81. Bb8 Ra5+ 82. Ba7 Ra6 83. Kb8 Ra3 84. Ka8 Rh3 85.
Bb8 Rh7 86. Bf4 Kb5 87. Be3 Ka6 88. Kb8 Rd7 89. Kc8 Re7 90. Bf2 Rh7 91. Kd8 Kb5 92.
Be3 Kc6 93. Ke8 Kd6 94. Kf8 Ke6 95. Bd4 Rd7 96. Bc3 Rc7 97. Bb2 Rb7 98. Ba1 Ra7 99. Bb2 Rd7 100. Ba1 Kf5 101. Bb2 Kg6 102. Ke8 Rf7 103.
Bd4 Rh7 1/2-1/2

[Event "*** Titled Tuesday Blitz"]
[Site "Chess.com"]
[Date "2021.04.06"]
[Round "4"]
[White "Chesswizard_2007"]
[Black "MasterKroket"]
[Result "1-0"]
[WhiteElo "2698"]
[BlackElo "2515"]
[TimeControl "180+1"]
[EndTime "10:43:36 PDT"]
[Termination "Chesswizard_2007 won by checkmate"]

1. d4 Nf6 2. c4 e6 3. Bd2 c5 4. e3 b6 5. Nf3 Bb7 6. Nc3 cxd4 7. exd4 d5 8. cxd5 Nxd5 9. Bb5+ Bc6 10. Bd3 Nd7 11.
h4 Be7 12. Qe2 Nb4 13. Bb1 Nf6 14. a3 Nbd5 15. Ne5 Nxc3 16. bxc3 Bxg2 17. Rg1 Qd5 18. Ba2 Qe4 19. Qxe4 Bxe4 20. Rxg7 Bg6 21. Bh6 Bf8 22. Bc4 a6 23. a4 Nd7 24. h5 Nxe5 25.
dxe5 Bxg7 26. Bxg7 Rg8 27. h6 Be4 28. Ke2 Kd7 29. Ke3 Bf5 30. Be2 Rgc8 31. c4 Ra7 32. Ra2 Rac7 33. Rb2 Kc6 34. Kd4 Rd7+ 35. Kc3 Rcd8 36. Bf6 Rg8 37. a5 bxa5 38. Ra2 Kb6 39. Rb2+ Kc7 40. Ra2 Rg2 41. Bf3 Rxf2 42. Rxf2 Rd3+ 43.
Kb2 Kb6 44. Bh5 Bg6 45. Bxg6 hxg6 46. Bg7 Rh3 47. Rxf7 Kc5 48. Rc7+ Kb4 49. Rb7+ Kxc4 50. Rb6 a4 51. Rxa6 Kb4 52. Rb6+ Kc4 53. Rb8 a3+ 54. Ka2 g5 55. Ra8 g4 56. Rxa3 g3 57. Rxg3 Rxg3 58.
h7 Rxg7 59. h8=Q Rg2+ 60. Ka3 Rg3+ 61. Ka4 Kd5 62. Qd8+ Ke4 63. Qd6 Kf5 64. Qf8+ Ke4 65. Kb4 Rg5 66. Qa8+ Kf4 67. Kc4 Rxe5 68. Qb8 Kf5 69.
Kd4 Rd5+ 70. Ke3 Kf6 71. Ke4 Ke7 72. Qb7+ Kf6 73. Qc8 Ke7 74. Qc7+ Rd7 75. Qg3 Rd5 76. Qc7+ Kf6 77. Qc3+ Ke7 78. Qg7+ Kd6 79. Kf4 Rf5+ 80. Ke4 Rd5 81. Qh8 Rf5 82. Qd8+ Kc6 83. Qd1 Rd5 84.
Qa4+ Kd6 85. Qa6+ Ke7 86. Qc6 Rf5 87. Qc7+ Kf6 88. Qd7 Rd5 89. Qe8 Rf5 90. Qf8+ Kg6 91. Qe7 Rf6 92. Ke5 Rf2 93. Qxe6+ Kg5 94. Qe7+ Kg4 95. Qg7+ Kf3 96. Kd4 Rg2 97. Qf6+ Ke2 98. Qe6+ Kf2 99. Qf5+ Ke2 100. Qe4+ Kf2 101. Qe3+ Kf1 102. Qc1+ Kf2 103. Ke4 Rg3 104. Qd2+ Kg1 105. Kf4 Rg2 106. Qe1+ Kh2 107. Kf3 Rg6 108. Qh4+ Kg1 109. Qd4+ Kh2 110. Qd2+ Kh3 111. Qd7+ Kh4 112. Qf7 Rg5 113. Qf6 Kh5 114. Kf4 Rg4+ 115. Kf3 Rg5 116. Qh8+ Kg6 117. Kf4 Rf5+ 118. Ke4 Rg5 119. Qe8+ Kf6 120. Qd7 Kg6 121. Kf4 Kh5 122. Qh7# 1-0

[Event "*** Titled Tuesday Blitz"]
[Site "Chess.com"]
[Date "2021.04.06"]
[Round "4"]
[White "EvgenyT"]
[Black "alexrustemov"]
[Result "1/2-1/2"]
[WhiteElo "2925"]
[BlackElo "2669"]
[TimeControl "180+1"]
[EndTime "10:44:15 PDT"]
[Termination "Game drawn by 50-move rule"]

1. d4 d5 2. Nf3 Nf6 3. c4 c6 4. g3 Bf5 5. Nc3 e6 6. Nh4 Bg6 7. Qb3 Qb6 8. Nxg6 hxg6 9. c5 Qxb3 10.
axb3 Nbd7 11. b4 a6 12. b5 cxb5 13. Nxb5 Rc8 14. Nc3 b6 15. cxb6 Bb4 16. Rxa6 Ne4 17. Bd2 O-O 18. e3 Nxd2 19. Kxd2 Rb8 20. Bd3 Nxb6 21.
Rc1 Rb7 22. Ke2 Rfb8 23. Kf3 Nc8 24. Na4 Bf8 25. h4 Nd6 26. Rcc6 Rb3 27. Bc2 R3b4 28.
Rxd6 Bxd6 29. Rxd6 Rc4 30. Bd1 Rc1 31. Ke2 Rb4 32.
Rb6 Rbc4 33. Rb8+ Kh7 34. Nc3 Ra1 35. Rb7 Kg8 36. Bc2 Rc8 37. Bd3 Rca8 38. Nb5 Kf8 39.
Nd6 R1a7 40. Rxa7 Rxa7 41. b4 Ra2+ 42. Kf3 Rb2 43. b5 Ke7 44. Nb7 Rb3 45. Be2 Rb2 46. Na5 Kd6 47. Nb7+ Kc7 48. Nc5 Kd6 49. Bf1 Kc7 50.
Kg2 Kd6 51. Nb7+ Kc7 52. Na5 Kd6 53. Nc6 f6 54. Nd8 e5 55. dxe5+ fxe5 56. Nf7+ Ke6 57. Ng5+ Kd6 58. Bd3 e4 59. Bf1 Rb1 60. Nh3 Ke5 61.
Nf4 d4 62. exd4+ Kxd4 63. Nxg6 Rb2 64. Kg1 e3 65. fxe3+ Kxe3 66. Ne5 Ke4 67. Nd3 Rb1 68.
Kf2 Ra1 69. Be2 Ra2 70. Nf4 Rb2 71. Ne6 g6 72. Nf4 Kf5 73. Kf3 g5 74. Bd3+ Kf6 75. hxg5+ Kxg5 76. Ne6+ Kf6 77. Nc5 Rb4 78. Ke3 Ke5 79.
Ne4 Kd5 80. g4 Rb2 81. g5 Rg2 82. Kf4 Kd4 83. Bf1 Rg1 84. Be2 Re1 85. Bf3 Rb1 86.
Nd6 Kc5 87. Nf7 Rxb5 88. g6 Rb6 89. Kg5 Rxg6+ 90. Kxg6 Kd4 91. Ng5 Ke3 92. Kf5 Kd3 93. Kf4 Kd4 94. Be4 Kc5 95. Ke5 Kc4 96. Ne6 Kc3 97. Kd5 Kd2 98. Kd4 Kc1 99. Nf4 Kb2 100. Kd3 Kb3 101. Nd5 Kb2 102. Kc4 Ka3 103. Kc3 Ka2 104. Bd3 Ka3 105. Bc4 Ka4 106. Nf6 Ka3 107. Nd7 Ka4 108. Ne5 Ka3 109. Bb5 Ka2 110. Nc4 Ka1 111. Ba4 Ka2 112. Kd2 Ka1 113. Kc2 Ka2 114. Bb3+ Ka1 115. Kc3 Kb1 116.
Ne5 Ka1 117. Nf3 Kb1 118. Nd4 Ka1 119. Bc4 Kb1 120. Nc2 Kc1 121. Ba2 Kd1 122. Nd4 Kc1 123. Kd3 Kb2 124. Bd5 Ka1 125. Kc3 Kb1 126. Nc2 Kc1 127. Ba2 Kd1 128. Nd4 Kc1 129. Ne2+ Kd1 130. Kd3 Ke1 131. Ke3 Kd1 132. Bb3+ Ke1 133. Nf4 Kf1 134. Kf3 Ke1 135. Ke3 Kf1 136. Bc2 Ke1 137. Ng2+ Kf1 138. Kf3 Kg1 139. Kg3 Kf1 140. Bd3+ 1/2-1/2

[Event "*** Titled Tuesday Blitz"]
[Site "Chess.com"]
[Date "2021.04.06"]
[Round "5"]
[White "Maddie"]
[Black "ChessAdvanceUSA"]
[Result "1/2-1/2"]
[WhiteElo "2068"]
[BlackElo "2297"]
[TimeControl "180+1"]
[EndTime "10:51:22 PDT"]
[Termination "Game drawn by agreement"]

1. d4 Nc6 2. e3 g6 3. Bd3 Bg7 4. f4 d6 5. Nf3 Nf6 6. O-O O-O 7.
c3 e5 8. Nbd2 exf4 9. exf4 Nd5 10. Ne4 Re8 11. Re1 Bg4 12. Bc4 Nb6 1/2-1/2

[Event "*** Titled Tuesday Blitz"]
[Site "Chess.com"]
[Date "2021.04.06"]
[Round "5"]
[White "marszach123"]
[Black "McCarthyStone"]
[Result "0-1"]
[WhiteElo "2158"]
[BlackElo "2399"]
[TimeControl "180+1"]
[EndTime "10:52:29 PDT"]
[Termination "McCarthyStone won by resignation"]

1. e4 d6 2. d4 Nf6 3. Nc3 Nc6 4. f4 e5 5. fxe5 dxe5 6. d5 Nd4 7. Nge2 Bg4 8. Be3 c5 9. dxc6 bxc6 10. h3 Bxe2 11. Bxe2 Qb6 12. O-O Bc5 13. Kh1 Nxe2 14. Bxc5 Ng3+ 0-1